 Dungeon Crawl Stone Soup version 0.29-a0-559-g359e09b9d1 (webtiles) character file.

Game seed: 7161577986368622821

1103 loir the Magician (level 8, 0/59 HPs)
             Began as a Djinni Fire Elementalist on June 9, 2022.
             Engulfed by a cloud of flame (5 damage)
             ... on level 5 of the Dungeon.
             The game lasted 00:26:24 (5824 turns).

loir the Magician (Djinni Fire Elementalist)        Turns: 5824, Time: 00:26:25

Health: 0/59       AC:  7    Str:  7    XL:     8   Next: 58%
Gold:   232        EV: 12    Int: 19    God:
                   SH:  0    Dex: 14

rFire   + + .      SeeInvis +   k - +2 dagger (freeze)
rCold   x . .      Faith    .   (no shield)
rNeg    . . .      Spirit   .   a - +0 robe
rPois   ∞          Reflect  .   l - +1 helmet
rElec   .          Harm     .   (no cloak)
rCorr   .          Rampage  .   u - +2 pair of gloves
Will    .....                   (boots unavailable)
Stlth   ++........              (no amulet)
HPRegen 0.19/turn               h - ring of see invisible
MPRegen 0.00/turn               (no ring)

@: flying
A: sickness immunity, fire resistance 2, cold vulnerability 1, float, innate
caster, HP casting, extra vitality 1
a: no special abilities


You were on level 5 of the Dungeon.
You visited 1 branch of the dungeon, and saw 5 of its levels.

You collected 232 gold pieces.

Inventory:

Hand Weapons
 k - a +2 dagger of freezing (weapon)
 q - a +0 trident of venom
Missiles
 b - 164 stones
 c - 22 poisoned darts
 f - a throwing net
Armour
 a - a +0 robe (worn)
 l - a +1 helmet (worn)
 u - a +2 pair of gloves (worn)
 v - a +1 helmet
Magical Staves
 m - a staff of fire
Jewellery
 h - a ring of see invisible (left hand)
Wands
 p - a wand of digging (1)
Scrolls
 g - 3 scrolls of fear
 n - 2 scrolls of identify
 o - a scroll of magic mapping
 s - a scroll of teleportation
 t - a scroll of silence {unknown}
Potions
 d - 2 potions of curing
 e - a potion of degeneration {unknown}
 i - 2 potions of brilliance {unknown}
 j - 2 potions of might {unknown}
 r - a potion of lignification {unknown}


   Skills:
 + Level 5.3 Fighting
 - Level 2.1 Dodging
 - Level 1.5 Stealth
 * Level 6.4 Spellcasting


You couldn't memorise any spells.
You knew the following spells:

 Your Spells              Type           Power      Damage    Failure   Level
a - Foxfire               Conj/Fire      100%       2x1d9     1%          1
b - Scorch                Fire           60%        2d8       1%          2
c - Conjure Flame         Conj/Fire      30%        6-21      2%          3
d - Inner Flame           Hex/Fire       30%        N/A       2%          3
e - Flame Wave            Conj/Fire      30%        2d8       8%          4
f - Slow                  Hex            100%       N/A       1%          1
g - Call Imp              Summ           30%        N/A       1%          2
h - Spider Form           Tmut/Pois      30%        N/A       2%          3
Your spell library was empty.

Dungeon Overview and Level Annotations

Branches:
Dungeon (5/15)
 Temple: D:4-7

Altars:
Gozag
Uskayaw
Xom

Annotations:
D:4 3 runed translucent doors, Hubjo's ghost, amateur DsTm


Innate Abilities, Weirdness & Mutations

You are immune to sickness and miasma.
You are immune to poison.
Your flesh is very heat resistant. (rF++)
You are vulnerable to cold. (rC-)
You float through the air rather than walking.
You learn spells naturally, not from books.
Your magical power is your life essence.
You have superior vitality. (+4 MHP)


Message History

Casting: Foxfire (safe; 1% risk of failure)
Press: ? - help, Q - select action, (/) - cycle Dir - look around, f - activate You conjure some foxfire!
The foxfire hits the gnoll shaman!
The gnoll shaman explodes!
The fiery explosion engulfs your foxfire.
Your foxfire completely resists.
The fiery explosion engulfs the scorpion!!!
You kill the scorpion!
The fiery explosion engulfs you. You resist.
The fiery explosion engulfs the gnoll!!
You kill the gnoll!
The foxfire hits the gnoll!
The gnoll is severely wounded.
The foxfire hits the gnoll.
The gnoll is lightly wounded.
The gnoll barely misses you.
You hear a bark!
Casting: Foxfire (safe; 1% risk of failure)
Confirm with . or Enter, or press ? or * to list all spells.
Flames lash the gnoll.
The gnoll is lightly wounded.
The gnoll's fire resistance burns away.
You are engulfed in blazing flames.
You resist.
The foxfire hits the gnoll!
The gnoll is burned terribly!
You kill the gnoll!
The gnoll hits you from afar with a +0 spear.
Casting: Scorch (safe; 1% risk of failure)
Confirm with . or Enter, or press ? or * to list all spells.
Flames lash the gnoll.
You kill the gnoll!
You are engulfed in blazing flames.
You resist.
You struggle against the net.
You are engulfed in blazing flames.
You resist.
* * * LOW HITPOINT WARNING * * *
You tear a large gash into the net.
You are engulfed in blazing flames.
You resist.
* * * LOW HITPOINT WARNING * * *
You struggle against the net.
You are engulfed in blazing flames.
You resist.
* * * LOW HITPOINT WARNING * * *
You rip the net and break free!
You are engulfed in blazing flames.
You resist.
You die...

.... ####. ...# ..†..
....# #.§### ...###
#..#.######).....
#.......☼§§).....
#..#....§)§...... #
#.§#....☼@#... ###.
#.........# #...#
#.$...#...#
.....##..##.##....
........>......... #
..##................
.. ##...........$...
...###.........#.#....
##.....###†....##.


There were no monsters in sight!

Vanquished Creatures
  An ice beast (D:5)
  A black bear (D:4)
  2 phantoms
  A necrophage (D:4)
  2 scorpions (D:5)
  A gnoll shaman (D:5)
  2 hounds (D:5)
  2 orc priests
  3 orc wizards (D:4)
  2 iguanas
  Robin (D:2)
  12 gnolls
  5 adders
  A worm (D:3)
  5 dart slugs
  10 orcs
  7 bats
  3 endoplasms
  5 giant cockroaches
  11 goblins
  10 hobgoblins
  14 jackals
  7 quokkas
  15 ball pythons
  6 frilled lizards
  6 kobolds
  4 rats
139 creatures vanquished.

Vanquished Creatures (collateral kills)
  An orc (D:4)
  8 foxfires (D:1)
9 creatures vanquished.

Vanquished Creatures (others)
  347 foxfires
347 creatures vanquished.

Grand Total: 495 creatures vanquished

Notes
Turn   | Place    | Note
-------+----------+-------------------------------------------
     0 | D:1      | loir the Djinni Fire Elementalist began the quest for the
                  | Orb.
     0 | D:1      | Reached XP level 1. HP: 15/15 MP: 0/0
   245 | D:1      | Reached XP level 2. HP: 7/22 MP: 0/0
   589 | D:1      | Reached skill level 1 in Fighting
   833 | D:1      | Reached XP level 3. HP: 22/27 MP: 0/0
   833 | D:1      | Learned a level 1 spell: Slow
   836 | D:1      | Reached skill level 3 in Spellcasting
  1102 | D:1      | You are sucked into a shaft and drop 1 floor!
  1535 | D:1      | Reached XP level 4. HP: 24/32 MP: 0/0
  2735 | D:2      | Noticed Robin
  2763 | D:2      | Killed Robin
  2764 | D:2      | Reached XP level 5. HP: 7/38 MP: 0/0
  2764 | D:2      | Learned a level 2 spell: Call Imp
  3315 | D:3      | Found an opulent altar of Gozag.
  3423 | D:3      | Reached skill level 4 in Spellcasting
  3852 | D:3      | Reached XP level 6. HP: 43/45 MP: 0/0
  4203 | D:4      | Noticed a black bear
  4206 | D:4      | Killed a black bear
  4358 | D:4      | Found a runed translucent gate.
  4358 | D:4      | Found a runed translucent gate.
  4358 | D:4      | Found a runed translucent gate.
  4493 | D:4      | Noticed Hubjo's ghost (amateur DsTm)
  4504 | D:4      | Reached skill level 5 in Spellcasting
  4504 | D:4      | Reached XP level 7. HP: 47/51 MP: 0/0
  4504 | D:4      | Learned a level 3 spell: Spider Form
  5326 | D:5      | Entered Level 5 of the Dungeon
  5354 | D:5      | Found a shimmering altar of Xom.
  5414 | D:5      | Reached XP level 8. HP: 49/58 MP: 0/0
  5483 | D:5      | Found a hide-covered altar of Uskayaw.
  5553 | D:5      | Reached skill level 6 in Spellcasting
  5729 | D:5      | Reached skill level 5 in Fighting
  5824 | D:5      | Engulfed by a cloud of flame

Illustrated notes

Levels and vault maps discovered:
D:1:      tarquinn_simple_flora_water_a, layout_loops_ring, serial_forest,
          infiniplex_forest_clump_double, infiniplex_forest_clump_diagonal,
          infiniplex_forest_lined_room_2, infiniplex_forest_lined_4_way,
          infiniplex_forest_corner_2, infiniplex_forest_clump_small,
          infiniplex_forest_straight_1, infiniplex_forest_lined_ring,
          infiniplex_forest_straight_2, infiniplex_forest_straight_1,
          chequers_serial_rivers_small_b
D:2:      layout_rooms, kennysheep_generic_room_4, uniq_robin
D:3:      layout_basic, mainiacjoe_overflow_cross_hatched
D:4:      layout_basic, gammafunk_ghost_icy
D:5:      layout_cave_pools, nicolae_uskayaw_murder_on_the_dancefloor,
          mainiacjoe_overflow_concentric_impassable, cheibrodos_sewer_entry_bend

Skill      XL: |  1  2  3  4  5  6  7  8 |
---------------+-------------------------+-----
Fighting       | 1 2 3 4 5 |  5.3
Spellcasting   | 3 4 5 6 |  6.4
Dodging        | |  2.1
Stealth        | |  1.5

Action                   |  1- 3 |  4- 6 |  7- 9 || total
-------------------------+-------+-------+-------++-------
Melee: Unarmed           |     1 |     1 |       ||     2
 Cast: Foxfire           |    63 |    80 |    69 ||   212
       Scorch            |    10 |    49 |    18 ||    77
       Inner Flame       |       |     2 |     1 ||     3
       Conjure Flame     |       |     2 |       ||     2
       Call Imp          |       |     2 |       ||     2
  Use: Scroll            |     3 |     6 |       ||     9
       Potion            |       |     1 |       ||     1
Armor: Robe              |     2 |     2 |     1 ||     5
Dodge: Dodged            |     8 |    10 |     3 ||    21

Table legend: (Time is in decaauts)
 A = Elapsed time spent in this place.
 B = Non-inter-level travel time spent in this place.
 C = Inter-level travel time spent in this place.
 D = Time resting spent in this place.
 E = Time spent auto-exploring this place.
 F = Levels seen in this place.
 G = Mean time per level.
                   A        B        C        D        E       F      G
               +--------+--------+--------+--------+--------+-----+--------+
         Total |   5821 |   5784 |     37 |    691 |   4252 |   5 | 1164.2 |
       Dungeon |   5821 |   5784 |     37 |    691 |   4252 |   5 | 1164.2 |
               +--------+--------+--------+--------+--------+-----+--------+

Top non-repeatable levels by time:
     D:1: 1891 daAuts
     D:4: 1236 daAuts
     D:2: 1233 daAuts
     D:3: 962 daAuts
     D:5: 497 daAuts
